 Dungeon Crawl Stone Soup version 0.29.1-1-gd02db69 (webtiles) character file.

Game seed: 16996388961484826455

128 Timinator the Insei (level 4, -1/35 HPs)
             Began as a Demigod Transmuter on Dec 22, 2022.
             Slain by OSAMASBALLS's ghost (11 damage)
             ... on level 3 of the Dungeon.
             The game lasted 00:08:29 (3221 turns).

Timinator the Insei (Demigod Transmuter)            Turns: 3221, Time: 00:08:29

Health: -1/35      AC:  6    Str: 11    XL:     4   Next: 57%
Magic:  8/9        EV: 11    Int: 15    God:
Gold:   80         SH:  0    Dex: 18    Spells: 5/6 levels left

rFire   . . .      SeeInvis .     - Unarmed
rCold   . . .      Faith    .   (no shield)
rNeg    . . .      Spirit   .   c - +0 ring mail
rPois   .          Reflect  .   (no helmet)
rElec   .          Harm     .   (no cloak)
rCorr   .          Rampage  .   (no gloves)
Will    .....                   j - +0 pair of boots
Stlth   +.........              (no amulet)
HPRegen 0.11/turn               (no ring)
MPRegen 0.11/turn               (no ring)

@: mighty, very slightly contaminated
A: high MP 1, forlorn, divine attributes
a: no special abilities


You were on level 3 of the Dungeon.
You visited 1 branch of the dungeon, and saw 3 of its levels.

You collected 80 gold pieces.

Inventory:

Missiles
 f - 3 atropa-tipped darts (quivered)
 m - 9 poisoned darts
Armour
 a - a +0 robe
 c - a +0 ring mail (worn)
 j - a +0 pair of boots (worn)
Scrolls
 b - a scroll of fear {unknown}
 d - 2 scrolls of enchant weapon {unknown}
 g - a scroll of magic mapping {unknown}
 i - a scroll of vulnerability {unknown}
Potions
 h - a potion of curing
 n - a potion of flight


   Skills:
 * Level 1.0 Fighting
 + Level 1.8 Armour
 * Level 2.7 Dodging
 - Level 0.1 Stealth
 * Level 3.8 Unarmed Combat
 + Level 1.9 Spellcasting
 * Level 1.9 Transmutations


You had 5 spell levels left.
You knew the following spells:

 Your Spells              Type           Power      Damage    Failure   Level
a - Beastly Appendage     Tmut           14%        N/A       24%         1

Your spell library contained the following spells:

 Spells                   Type           Power      Damage    Failure   Level
 Wereblood                Tmut           7%         N/A       34%         2
 Spider Form              Tmut/Pois      4%         N/A       71%         3
 Ice Form                 Ice/Tmut       4%         N/A       98%         4


Dungeon Overview and Level Annotations

Branches:
Dungeon (3/15)

Shops:
D:3 (([

Annotations:
D:3 OSAMASBALLS's ghost, amateur BaFi


Innate Abilities, Weirdness & Mutations

You have an increased reservoir of magic. (+10% MP)
You shall have no god before yourself.
Your divine heritage dramatically boosts your attributes as you level up.


Message History

You hit the hobgoblin.
You kill the hobgoblin!
You barely miss OSAMASBALLS's ghost. Your kick misses OSAMASBALLS's ghost.
You headbutt OSAMASBALLS's ghost!
OSAMASBALLS's ghost is moderately damaged.
OSAMASBALLS's ghost hits you but does no damage.
You hit OSAMASBALLS's ghost.
OSAMASBALLS's ghost is moderately damaged.
You barely miss OSAMASBALLS's ghost. You claw OSAMASBALLS's ghost.
OSAMASBALLS's ghost is moderately damaged.
OSAMASBALLS's ghost hits you but does no damage.
You hit OSAMASBALLS's ghost but do no damage.
Your kick misses OSAMASBALLS's ghost.
OSAMASBALLS's ghost is moderately damaged.
OSAMASBALLS's ghost hits you.
You hit OSAMASBALLS's ghost.
You headbutt OSAMASBALLS's ghost, but do no damage.
OSAMASBALLS's ghost is moderately damaged.
OSAMASBALLS's ghost misses you.
You hit OSAMASBALLS's ghost but do no damage.
OSAMASBALLS's ghost is moderately damaged.
OSAMASBALLS's ghost hits you but does no damage.
You hit OSAMASBALLS's ghost.
OSAMASBALLS's ghost is heavily damaged.
Your horns disappear.
Your talons disappear.
Your +0 pair of boots unmelds from your body.
OSAMASBALLS's ghost hits you.
You barely miss OSAMASBALLS's ghost.
OSAMASBALLS's ghost is heavily damaged.
OSAMASBALLS's ghost hits you!
You hit OSAMASBALLS's ghost but do no damage.
OSAMASBALLS's ghost is heavily damaged.
OSAMASBALLS's ghost hits you.
* * * LOW HITPOINT WARNING * * *
Casting: Beastly Appendage (safe; 24% risk of failure)
Confirm with . or Enter, or press ? or * to list all spells.
You miscast Beastly Appendage.
You are very lightly contaminated with residual magic.
Nothing appears to happen.
OSAMASBALLS's ghost hits you!
You die...

......# #)## .####.## #.#. .#
#..# #.#< .# ##.# ##### #.#. ##
#.# #...# #.#. #.### #...# #)#.
######...##############...####.##
......................'..........
######...#######@######...####.##
#...# #W## ##### #.#
######...#######..### #.#
....##.......!......# ...
....##..............# ...
....###..###'''###..# ...# ....#
#..#.......#..# ..# ....#
#..#.......#..# ...##
#..#.##.##.#†.#


You could see OSAMASBALLS's ghost.

Vanquished Creatures
  Jessica (D:2)
  An orc wizard (D:3)
  3 adders
  A dart slug (D:1)
  5 orcs (D:3)
  4 bats
  4 endoplasms (D:3)
  2 giant cockroaches
  5 goblins
  4 hobgoblins
  2 quokkas (D:3)
  3 ball pythons
  2 frilled lizards
  5 kobolds
  3 rats
45 creatures vanquished.

Notes
Turn   | Place    | Note
-------+----------+-------------------------------------------
     0 | D:1      | Timinator the Demigod Transmuter began the quest for the
                  | Orb.
     0 | D:1      | Reached XP level 1. HP: 15/15 MP: 5/5
   633 | D:1      | Reached skill level 3 in Unarmed Combat
   633 | D:1      | Reached XP level 2. HP: 22/22 MP: 7/7
   921 | D:2      | Noticed Jessica
   931 | D:2      | Killed Jessica
   932 | D:2      | Reached skill level 1 in Armour
   932 | D:2      | Reached XP level 3. HP: 15/27 MP: 8/8
  1800 | D:2      | You fall into a shaft and drop 1 floor!
  1864 | D:3      | Found a runed translucent gate.
  1864 | D:3      | Found a runed translucent gate.
  1865 | D:3      | Found a runed translucent gate.
  1872 | D:3      | Noticed OSAMASBALLS's ghost (amateur BaFi)
  1953 | D:3      | Reached XP level 4. HP: 11/34 MP: 6/9
  2488 | D:3      | Found Afigyp's Weapon Boutique.
  2492 | D:3      | Found Pudgheih's Weapon Boutique.
  2946 | D:3      | Found Soklaunu's Antique Armour Emporium.
  3209 | D:3      | Reached skill level 1 in Fighting
  3221 | D:3      | Slain by OSAMASBALLS's ghost

Illustrated notes

Levels and vault maps discovered:
D:1:      sevenhm_arrival_forest_fort_large_2, layout_basic, minmay_ruptured
D:2:      layout_basic, uniq_jessica
D:3:      layout_basic, lightli_temple_of_fire, ebering_ecumenical_altar_webs,
          serial_shops, nicolae_shop_crystal, nicolae_shop_stone, shop,
          gammafunk_ghost_split, minmay_misc_feat_doors,
          minmay_fractal_squares_5

Skill      XL: |  1  2  3  4 |
---------------+-------------+-----
Dodging        | 2 |  2.7
Unarmed Combat | 3 |  3.8
Armour         | 1 |  1.8
Fighting       | 1 |  1.0
Stealth        | |  0.1
Spellcasting   | |  1.9
Transmutations | |  1.9

Action                   |  1- 3 |  4- 6 || total
-------------------------+-------+-------++-------
Melee: Unarmed           |    68 |    47 ||   115
       Kick              |    10 |     9 ||    19
       Headbutt          |     6 |     9 ||    15
       Punch             |     1 |     2 ||     3
 Cast: Beastly Appendage |    15 |     7 ||    22
  Use: Potion            |     2 |     1 ||     3
       Scroll            |       |     3 ||     3
 Stab: Sleeping          |     1 |       ||     1
Armor: Robe              |     4 |       ||     4
       Ring mail         |     8 |    26 ||    34
       Skin              |     1 |       ||     1
Dodge: Dodged            |    18 |    20 ||    38
